 Dungeon Crawl Stone Soup version 0.25.1-2-g60ff931df9 (webtiles) character file.

Game seed: 7100882224286442077

2335 pokeman the Thaumaturge (level 9, -8/48 HPs)
             Began as a Deep Elf Wizard on Oct 25, 2020.
             Was a Believer of Vehumet.
             Mangled by a centaur (9 damage)
             ... on level 7 of the Dungeon.
             The game lasted 00:16:58 (6561 turns).

pokeman the Thaumaturge (Deep Elf Wizard)           Turns: 6561, Time: 00:16:58

Health: -8/48      AC:  3    Str:  6    XL:     9   Next: 19%
Magic:  18/25      EV: 12    Int: 27    God:    Vehumet [**....]
Gold:   192        SH:  0    Dex: 13    Spells: 13/28 levels left

rFire    . . .     SeeInvis .   y - +6 hand axe of the Sage {freeze, *Rage rElec rC+ Str+2}
rCold    + . .     Gourm    .   (no shield)
rNeg     . . .     Faith    .   f - +0 leather armour
rPois    .         Spirit   .   b - +0 hat
rElec    +         Reflect  .   (no cloak)
rCorr    +         Harm     .   (no gloves)
MR       .....     Rnd*Rage +   (no boots)
Stlth    ++........             (no amulet)
HPRegen  0.16/turn              k - ring of flight
MPRegen  0.19/turn              x - ring of resist corrosion

@: no status effects
A: no striking features
a: Renounce Religion, Evoke Flight


You were on level 7 of the Dungeon.
You worshipped Vehumet.
Vehumet was pleased with you.
You were not hungry.

You visited 2 branches of the dungeon, and saw 8 of its levels.

You collected 192 gold pieces.

Inventory:

Hand Weapons
 y - the +6 hand axe of the Sage (weapon) {freeze, *Rage rElec rC+ Str+2}
   (You found it on level 4 of the Dungeon)

   It has been specially enchanted to freeze those struck by it, causing extra
   injury to most foes and up to half again as much damage against particularly
   susceptible opponents.
   It can also slow down cold-blooded creatures.
   It affects your strength (+2).
   It protects you from cold.
   It insulates you from electricity.
   It may make you go berserk in combat.
Missiles
 j - 13 bolts
Armour
 b - a +0 hat (worn)
 f - a +0 leather armour (worn)
Jewellery
 k - a ring of flight (left hand)
 x - a ring of resist corrosion (right hand)
Wands
 s - a wand of enslavement (13)
 E - a wand of flame (24)
Scrolls
 a - 4 scrolls of magic mapping {unknown}
 c - 3 scrolls of enchant weapon {unknown}
 g - 5 scrolls of identify {unknown}
 h - a scroll of fog {unknown}
 l - 4 scrolls of enchant armour {unknown}
 m - a scroll of blinking {unknown}
 n - 4 scrolls of remove curse {unknown}
 p - 2 scrolls of teleportation {unknown}
 t - 2 scrolls of amnesia {unknown}
 w - 2 scrolls of immolation {unknown}
 B - a scroll of noise {unknown}
 C - a scroll of random uselessness {unknown}
 H - a scroll of fear {unknown}
Potions
 e - a potion of degeneration {unknown}
 i - 2 potions of curing {unknown}
 o - a potion of haste {unknown}
 q - a potion of lignification {unknown}
 r - 3 potions of stabbing {unknown}
 u - a potion of invisibility {unknown}
 v - 2 potions of magic {unknown}
 z - 2 potions of cancellation {unknown}
 A - a potion of brilliance {unknown}
 D - a potion of mutation {unknown}
 F - a potion of flight {unknown}
Comestibles
 d - 11 rations
 G - 3 chunks of flesh


   Skills:
 - Level 2.0 Fighting
 + Level 2.8 Armour
 - Level 3.0 Dodging
 - Level 3.0 Stealth
 * Level 10.2 Spellcasting
 * Level 7.8 Conjurations
 - Level 1.0 Charms
 - Level 1.1 Summonings
 - Level 1.1 Translocations
 + Level 4.5 Fire Magic
 - Level 1.0 Air Magic
 - Level 1.0 Poison Magic
 - Level 1.1 Evocations


You had 13 spell levels left.
You knew the following spells:

 Your Spells              Type           Power        Failure   Level  Hunger
a - Magic Dart            Conj           ####         1%          1    None
b - Mephitic Cloud        Conj/Pois/Air  ####....     4%          3    None
c - Call Imp              Summ           ###.....     6%          2    None
d - Blink                 Tloc           N/A          6%          2    None
e - Conjure Flame         Conj/Fire      #####...     1%          3    None
f - Foxfire               Conj/Fire      ####         1%          1    None
g - Shock                 Conj/Air       ####         1%          1    None
h - Swiftness             Chrm/Air       ###.....     6%          2    None

Your spell library contained the following spells:

 Spells                   Type           Power        Failure   Level  Hunger
 Searing Ray              Conj           ######       1%          2    None
 Static Discharge         Conj/Air       #####...     3%          3    None
 Freeze                   Ice            ##..         6%          1    None
 Slow                     Hex            ##......     10%         2    None
 Hailstorm                Conj/Ice       ####....     13%         4    None
 Ozocubu's Armour         Chrm/Ice       ###.....     16%         3    None
 Frozen Ramparts          Ice            ##....       19%         3    None
 Lightning Bolt           Conj/Air       #####.....   28%         5    ####...
 Airstrike                Air            ###.......   38%         4    None
 Summon Ice Beast         Ice/Summ       ###.....     45%         4    None


Dungeon Overview and Level Annotations

Branches:
Dungeon (7/15)             Temple (1/1) D:4

Altars:
Cheibriados
Dithmenos
Gozag
Hepliaklqana
Makhleb
Nemelex Xobeh
Okawaru
Qazlal
Ru
Sif Muna
Trog
Vehumet
Wu Jian
Xom
Yredelemnul
The Shining One

Shops:
D:5 }

Annotations:
D:7 exclusion: oklob plant


Message History

Unknown command.
The centaur is engulfed in noxious fumes.
The centaur appears confused.
You start resting.
The centaur is engulfed in noxious fumes.
The centaur appears confused.
Casting: Mephitic Cloud (dangerous; 4% risk of failure)
Confirm with . or Enter, or press ? or * to list all spells.
You conjure some foxfire!
The foxfire hits the centaur.
The centaur is moderately wounded.
The foxfire hits the centaur.
The centaur is heavily wounded.
The centaur unwields a +0 shortbow.
The centaur hits you.
* * * LOW HITPOINT WARNING * * *
Unknown command.
You slash the centaur! You freeze the centaur.
The centaur is almost dead.
The centaur hits you!
You die...

#...######.#
###....#
#..........#
####.##.
#...########
#......
#.....#
#......
###.#.####
#......
#.#....###
#...###
#.####...##
#...# #..
###ยงยง#####
#...# ##.
##@c((.###
#...# .
#####...# #<..
#..c....# #.#
#.@.....# [.#
#.......# ...
#.......# #.#
........# # #
#.#
#..###.#####..
#.#.# ##..
........)


You could see a centaur (confused).

Vanquished Creatures
  Joseph (D:7)
  Prince Ribbit (D:6)
  Sigmund (D:6)
  Menkaure (D:7)
  Duvessa (D:6)
  A sky beast (D:7)
  2 ogres
  An ice beast (D:6)
  2 centaurs (D:5)
  2 bullfrogs (D:6)
  2 gnoll sergeants (D:5)
  Dowan (D:6)
  A wyvern skeleton (D:6)
  3 crimson imps (D:5)
  A centaur zombie (D:5)
  2 hounds
  A centaur skeleton (D:7)
  An orc priest (D:5)
  An iguana (D:4)
  2 worker ants (D:5)
  A hound zombie (D:5)
  A hound skeleton (D:7)
  A worker ant zombie (D:7)
  9 gnolls (D:5)
  8 adders
  2 shadow imps
  An ooze (D:2)
  An adder skeleton (D:5)
  5 worms
  A dart slug (D:1)
  4 leopard geckos
  4 orcs
  A ball python (D:4)
  2 giant cockroaches
  4 goblins (D:2)
  4 hobgoblins
  14 jackals
  5 kobolds
  3 quokkas
  3 bats
  4 frilled lizards
  A jackal skeleton (D:7)
  A jackal zombie (D:6)
  A leopard gecko skeleton (D:5)
  A leopard gecko zombie (D:5)
  6 rats
116 creatures vanquished.

Vanquished Creatures (collateral kills)
  A jelly (D:5)
  A worker ant (D:7)
  A gnoll (D:5)
  A quokka (D:7)
4 creatures vanquished.

Vanquished Creatures (others)
  91 foxfires
91 creatures vanquished.

Grand Total: 211 creatures vanquished

Notes
Turn   | Place    | Note
-------+----------+-------------------------------------------
     0 | D:1      | pokeman the Deep Elf Wizard began the quest for the Orb.
     0 | D:1      | Reached XP level 1. HP: 10/10 MP: 7/7
   692 | D:1      | Reached XP level 2. HP: 16/16 MP: 3/9
  1273 | D:2      | Reached skill level 5 in Spellcasting
  1273 | D:2      | Reached XP level 3. HP: 20/20 MP: 4/11
  1278 | D:2      | Learned a level 3 spell: Mephitic Cloud
  1281 | D:2      | Learned a level 2 spell: Call Imp
  1284 | D:2      | Learned a level 2 spell: Blink
  1288 | D:2      | Learned a level 3 spell: Conjure Flame
  1448 | D:2      | Reached skill level 1 in Fighting
  1458 | D:2      | Found a hazy altar of Hepliaklqana.
  1459 | D:2      | Found a glowing golden altar of the Shining One.
  1679 | D:2      | Reached skill level 1 in Armour
  1796 | D:2      | Found an iron altar of Okawaru.
  1977 | D:3      | Reached XP level 4. HP: 25/25 MP: 7/13
  2032 | D:3      | Found a sacrificial altar of Ru.
  2255 | D:3      | Found a stormy altar of Qazlal.
  2295 | D:3      | Found a shadowy altar of Dithmenos.
  2538 | D:4      | Found a staircase to the Ecumenical Temple.
  2553 | Temple   | Entered the Ecumenical Temple
  2618 | Temple   | Became a worshipper of Vehumet
  2988 | D:4      | Reached skill level 1 in Evocations
  3007 | D:4      | Got a shimmering hand axe
  3008 | D:4      | Identified the +6 hand axe of the Sage {freeze, *Rage rElec
                  | rC+ Str+2} (You found it on level 4 of the Dungeon)
  3295 | D:4      | Found a bloodstained altar of Trog.
  3326 | D:5      | Entered Level 5 of the Dungeon
  3351 | D:5      | Reached skill level 1 in Poison Magic
  3351 | D:5      | Reached XP level 5. HP: 29/29 MP: 8/15
  3480 | D:5      | Found a bloodstained altar of Trog.
  3502 | D:5      | Reached skill level 1 in Air Magic
  3543 | D:5      | Reached skill level 6 in Spellcasting
  3548 | D:5      | Reached skill level 1 in Fire Magic
  3642 | D:5      | Reached XP level 6. HP: 21/34 MP: 0/17
  3977 | D:5      | Learned a level 1 spell: Shock
  3980 | D:5      | Learned a level 2 spell: Swiftness
  4127 | D:5      | Reached skill level 1 in Charms
  4285 | D:5      | Reached skill level 7 in Spellcasting
  4554 | D:5      | Reached XP level 7. HP: 33/38 MP: 13/19
  4668 | D:5      | Reached * piety under Vehumet
  4668 | D:5      | Offered knowledge of Foxfire by Vehumet.
  4671 | D:5      | Learned a level 1 spell: Foxfire
  4692 | D:5      | Found Pidgho's Gadget Boutique.
  4817 | D:5      | Reached skill level 5 in Conjurations
  5225 | D:6      | Reached skill level 8 in Spellcasting
  5287 | D:6      | Noticed Prince Ribbit
  5288 | D:6      | Reached XP level 8. HP: 44/44 MP: 13/22
  5295 | D:6      | Killed Prince Ribbit
  5529 | D:6      | Noticed Dowan
  5530 | D:6      | Noticed Duvessa
  5537 | D:6      | Noticed Sigmund
  5538 | D:6      | Killed Duvessa
  5538 | D:6      | Reached skill level 9 in Spellcasting
  5540 | D:6      | Killed Dowan
  5578 | D:6      | Killed Sigmund
  5887 | D:7      | Noticed Menkaure
  5932 | D:7      | Reached ** piety under Vehumet
  5937 | D:7      | Offered knowledge of Searing Ray by Vehumet.
  5955 | D:6      | HP: 2/44 [bullfrog (4)]
  6259 | D:7      | Found a shimmering altar of Xom.
  6259 | D:7      | Noticed an oklob plant
  6263 | D:7      | Killed Menkaure
  6482 | D:7      | Reached XP level 9. HP: 48/48 MP: 20/24
  6517 | D:7      | Noticed Joseph
  6536 | D:7      | Killed Joseph
  6536 | D:7      | Reached skill level 10 in Spellcasting
  6560 | D:7      | HP: 1/48 [centaur (3)]
  6561 | D:7      | Mangled by a centaur

Illustrated notes

Levels and vault maps discovered:
D:1:      psy_arrival_statuary, layout_basic
D:2:      layout_rooms, marbit_many_paths,
          chequers_temple_overflow_statue_of_worship, first_ration
D:3:      layout_rooms, lemuel_round_altar, lemuel_round_altar,
          lemuel_crystal_altar
D:4:      layout_cave_pools, lightli_temple_of_fire,
          minmay_temple_entry_large_hall
D:5:      layout_basic, serial_corexii_hall, chequers_hall_statues_corner_a,
          corexii_hall_statues_x, basic_altar, serial_shops,
          kennysheep_little_box
D:6:      layout_cave_pools, uniq_sigmund, uniq_duvessa, uniq_prince_ribbit1
D:7:      layout_rooms, lemuel_coloured_pillars_altar, serial_shops,
          kennysheep_mini, lemuel_oklob_altar, uniq_harold, uniq_menkaure,
          uniq_joseph
Temple:   jpeg_temple_island

Skill      XL: |  1  2  3  4  5  6  7  8  9 |
---------------+----------------------------+-----
Spellcasting   | 5 6 7 8 9 10 | 10.2
Fighting       | 1 2 |  2.0
Conjurations   | 2 3 4 5 7 |  7.8
Armour         | 1 2 |  2.8
Evocations     | 1 |  1.1
Poison Magic   | 1 |  1.0
Air Magic      | 1 |  1.0
Fire Magic     | 1 2 4 |  4.5
Stealth        | 3 |  3.0
Dodging        | 3 |  3.0
Charms         | 1 |  1.0
Summonings     | |  1.1
Translocations | |  1.1

Action                   |  1- 3 |  4- 6 |  7- 9 || total
-------------------------+-------+-------+-------++-------
Melee: Unarmed           |     4 |       |       ||     4
       Hand axe          |       |    27 |    44 ||    71
 Cast: Magic Dart        |    92 |   102 |    38 ||   232
       Conjure Flame     |       |     5 |     8 ||    13
       Mephitic Cloud    |       |     5 |    13 ||    18
       Call Imp          |       |     4 |     4 ||     8
       Foxfire           |       |       |    57 ||    57
       Blink             |       |       |     1 ||     1
 Stab: Confused          |       |     1 |     6 ||     7
  Eat: Chunk             |     3 |     8 |     6 ||    17
Armor: Leather armour    |     9 |    10 |     8 ||    27
Dodge: Dodged            |    17 |    27 |    35 ||    79
